 Dungeon Crawl Stone Soup version 0.26-a0-660-gc07710193c (webtiles) character file.

Game seed: 7124769820894475460

162 tom967 the Digger (level 4, -7/33 HPs)
             Began as a Demigod Earth Elementalist on Oct 7, 2020.
             Mangled by an ogre
             ... wielding a +0 giant club
              (16 damage)
             ... on level 4 of the Dungeon.
             The game lasted 00:35:57 (4370 turns).

tom967 the Digger (Demigod Earth Elementalist)      Turns: 4370, Time: 00:35:58

Health: -7/33      AC:  4    Str: 13    XL:     4   Next: 99%
Magic:  9/12       EV: 12    Int: 19    God:
Gold:   185        SH:  0    Dex: 16    Spells: 3/9 levels left

rFire    . . .     SeeInvis .   (no weapon)
rCold    . . .     Faith    .   (no shield)
rNeg     . . .     Spirit   .   c - +1 robe
rPois    .         Reflect  .   l - +0 helmet
rElec    .         Harm     .   (no cloak)
rCorr    .         Rampage  .   (no gloves)
MR       .....                  (no boots)
Stlth    ++........             (no amulet)
HPRegen  0.11/turn              (no ring)
MPRegen  0.13/turn              (no ring)

@: no status effects
A: high mp 1
a: no special abilities


You were on level 4 of the Dungeon.
You visited 1 branch of the dungeon, and saw 4 of its levels.

You collected 185 gold pieces.

Inventory:

Hand Weapons
 e - a +1 hunting sling
 h - a +1 whip of freezing
 q - a +0 trident
Missiles
 b - 86 stones (quivered)
 f - 17 arrows
 u - 18 poisoned darts
Armour
 c - a +1 robe (worn)
 k - a -1 ring mail
 l - a +0 helmet (worn)
 n - a +0 buckler
 p - a +0 leather armour
 t - a +0 scale mail
Scrolls
 d - a scroll of amnesia
 i - 2 scrolls of identify
 o - 2 scrolls of remove curse
Potions
 j - a potion of curing
 m - 2 potions of heal wounds {unknown}
 r - a potion of flight {unknown}
 s - a potion of mutation {unknown}
 v - a potion of lignification {unknown}


   Skills:
 - Level 1.8 Dodging
 - Level 1.8 Stealth
 * Level 3.4 Spellcasting
 - Level 0.8 Transmutations
 * Level 4.2 Earth Magic


You had 3 spell levels left.
You knew the following spells:

 Your Spells              Type           Power        Failure   Level
a - Sandblast             Erth           ###...       2%          1
b - Passwall              Tmut/Erth      ##......     8%          2
c - Stone Arrow           Conj/Erth      ##....       19%         3

Your spell library contained the following spells:

 Spells                   Type           Power        Failure   Level
 Petrify                  Tmut/Erth      ##......     45%         4
 Lee's Rapid Deconstruct  Erth           ###.......   56%         5


Dungeon Overview and Level Annotations

Branches:
Dungeon (4/15)
 Temple: D:4-7


Innate Abilities, Weirdness & Mutations

You have an increased reservoir of magic. (+10% MP)


Message History

The orc wizard points at you and mumbles some strange words.
The puff of frost hits you.
* * * LOW HITPOINT WARNING * * *
It was a potion of curing.
You feel better.
The orc wizard points at you and mumbles some strange words.
The magic dart hits you.
* * * LOW HITPOINT WARNING * * *
The ogre hits you with a +0 giant club.
* * * LOW HITPOINT WARNING * * *
The orc priest hits you but does no damage.
You feel better.
The orc wizard hits you with a +0 dagger.
* * * LOW HITPOINT WARNING * * *
The orc barely misses you.
The orc wizard hits you but does no damage.
You feel better.
The orc priest hits you with a +0 falchion!
* * * LOW HITPOINT WARNING * * *
The ogre hits you with a +0 giant club!
You die...

####....###
#.........#
#.........# #
#.........#
##.###......######
............#.##.#
.....§§§§§.......##
.....§§§O§§.##....##
...#.§§@o§§..###...##
###..§§oo§§.........#
#...§§§§§§###......##
......§§§..##.##.....#
..........###........#
#..#..........#.....##
. #..##.##o..##....#
.... ###...o ##..##
.... ##... ....


You could see an ogre, an orc priest, an orc wizard (fast) and an orc.

Vanquished Creatures
  A howler monkey (D:4)
  An adder (D:2)
  3 gnolls (D:2)
  2 worms
  A dart slug (D:2)
  6 leopard geckos
  2 orcs (D:3)
  3 ball pythons
  2 giant cockroaches (D:1)
  12 goblins
  3 hobgoblins
  2 jackals
  A quokka (D:2)
  6 bats
  4 frilled lizards (D:1)
  11 kobolds
  9 rats
69 creatures vanquished.

Notes
Turn   | Place    | Note
-------+----------+-------------------------------------------
     0 | D:1      | tom967 the Demigod Earth Elementalist began the quest for
                  | the Orb.
     0 | D:1      | Reached XP level 1. HP: 14/14 MP: 5/5
   323 | D:1      | Reached XP level 2. HP: 20/20 MP: 4/7
   356 | D:1      | Reached skill level 3 in Earth Magic
   879 | D:2      | Reached XP level 3. HP: 26/26 MP: 6/9
  1415 | D:2      | Found a glowing golden altar of the Shining One.
  1800 | D:2      | Reached XP level 4. HP: 33/33 MP: 8/11
  1804 | D:2      | Learned a level 2 spell: Passwall
  1808 | D:2      | Learned a level 3 spell: Stone Arrow
  3482 | D:3      | Reached skill level 4 in Earth Magic
  4345 | D:4      | Noticed an ogre
  4367 | D:4      | HP: 1/33 [orc wizard/puff of frost (4)]
  4370 | D:4      | Mangled by an ogre

Illustrated notes

Levels and vault maps discovered:
D:1:      saegor_arrival_simple_c, layout_loops_ring
D:2:      layout_loops_corners, tso_metal_star, st_stairs_3, minmay_puff
D:3:      layout_rooms, minmay_guardbox
D:4:      layout_cave_pools, minmay_temple_entry_grid, serial_park

Skill      XL: |  1  2  3  4 |
---------------+-------------+-----
Spellcasting   | 2 3 |  3.4
Earth Magic    | 3 4 |  4.2
Dodging        | |  1.8
Stealth        | |  1.8
Transmutations | |  0.8

Action                   |  1- 3 |  4- 6 || total
-------------------------+-------+-------++-------
Melee: Unarmed           |     2 |       ||     2
 Cast: Sandblast         |    51 |    39 ||    90
       Stone Arrow       |       |    11 ||    11
       Passwall          |       |     2 ||     2
  Use: Scroll            |     8 |     5 ||    13
       Potion            |     1 |     3 ||     4
Armor: Ring mail         |     1 |       ||     1
       Robe              |       |     3 ||     3
Dodge: Dodged            |    15 |    24 ||    39

Table legend: (Time is in decaauts)
 A = Elapsed time spent in this place.
 B = Non-inter-level travel time spent in this place.
 C = Inter-level travel time spent in this place.
 D = Time resting spent in this place.
 E = Time spent auto-exploring this place.
 F = Levels seen in this place.
 G = Mean time per level.
                   A        B        C        D        E       F      G
               +--------+--------+--------+--------+--------+-----+--------+
         Total |   4354 |   3698 |    656 |   1670 |   1526 |   4 | 1088.5 |
       Dungeon |   4354 |   3698 |    656 |   1670 |   1526 |   4 | 1088.5 |
               +--------+--------+--------+--------+--------+-----+--------+

Top non-repeatable levels by time:
     D:2: 1804 daAuts
     D:3: 1176 daAuts
     D:1: 852 daAuts
     D:4: 520 daAuts
